[Event "72nd RUS-ch Higher League 2019"]
[Site "Yaroslavl"]
[Date "2019.07.01"]
[Round "5.20"]
[White "Eraschenkov, Denis"]
[Black "Kobalia, Mikhail"]
[Result "0-1"]
[ECO "B50"]
[WhiteElo "2379"]
[BlackElo "2608"]
[Annotator "ChessBase"]
[PlyCount "156"]
[EventDate "2019.06.27"]
[EventType "swiss"]
[EventCountry "RUS"]
[SourceTitle "playchess.com"]
[Source "ChessBase"]
[SourceQuality "1"]
[TimeControl "40/5400+30:1800+30"]

1. e4 c5 2. Nf3 d6 3. c3 Nf6 4. h3 Nbd7 5. Bd3 b6 6. O-O Bb7 7. Re1 Rc8 8. Bc2 Qc7 9. a4 a6 10. d3 e6 11. Bg5 Be7 12. Nbd2 O-O 13. Nf1 Ne5 14. Rc1 Qd7 15. N1d2 Nxf3+ 16. Nxf3 Rfd8 17. Qe2 Bc6 18. b3 h6 19. Bf4 Qb7 20. Rcd1 e5 21. Bc1 Re8 22. Nh4 Bf8 23. Qf3 Nh7 24. Qg3 Kh8 25. Nf5 Bd7 26. Ne3 Nf6 27. Qf3 Rc7 28. Rd2 b5 29. Rde2 Be6 30. c4 bxa4 31. bxa4 Qc8 32. Bd2 Rb7 33. Bc3 Ng8 34. a5 Ne7 35. Ba4 Rd8 36. Nd5 Nxd5 37. exd5 Bf5 38. Qg3 Bg6 39. f4 Qf5 40. fxe5 Qxd3 41. Re3 Qxc4 42. Bc6 Rb3 43. e6 Kh7 44. exf7 Bxf7 45. Rf1 Rxc3 46. Rxc3 Qd4+ 47. Qe3 Bg6 48. Qxd4 cxd4 49. Rb3 Be7 50. Rb6 Bc2 51. Rb4 d3 52. h4 Bf6 53. Rc4 Rb8 54. Kf2 Bb3 55. Re4 Bc3 56. Ke3 d2 57. Ba4 Bxd5 58. Re7 Rb2 59. h5 Bc4 60. Rf8 Bb3 61. Bxb3 Rxb3 62. Ree8 g6 63. Rf7+ Bg7+ 64. Kxd2 gxh5 65. Ra8 Rb2+ 66. Ke3 Rxg2 67. Rxa6 Kg6 68. Rb7 Be5 69. Rc6 Ra2 70. a6 h4 71. Rbb6 h3 72. Rxd6+ Bxd6 73. Rxd6+ Kg5 74. Kf3 h2 75. Rd1 Kh4 76. a7 Kh3 77. Kf4 Rxa7 78. Rd3+ Kh4 0-1

[Event "72nd RUS-ch Higher League 2019"]
[Site "Yaroslavl"]
[Date "2019.07.01"]
[Round "5.21"]
[White "Bigaliev, Renat"]
[Black "Triapishko, Alexandr"]
[Result "1/2-1/2"]
[ECO "D70"]
[WhiteElo "2427"]
[BlackElo "2512"]
[Annotator "ChessBase"]
[PlyCount "56"]
[EventDate "2019.06.27"]
[EventType "swiss"]
[EventCountry "RUS"]
[SourceTitle "playchess.com"]
[Source "ChessBase"]
[SourceQuality "1"]
[TimeControl "40/5400+30:1800+30"]

1. d4 Nf6 2. c4 g6 3. f3 d5 4. cxd5 Nxd5 5. e4 Nb6 6. Nc3 Bg7 7. Be3 O-O 8. Qd2 e5 9. d5 c6 10. h4 cxd5 11. exd5 N8d7 12. h5 Nf6 13. hxg6 fxg6 14. O-O-O Bd7 15. Kb1 Rc8 16. d6 e4 17. Bh6 Na4 18. Nd5 Nxd5 19. Qxd5+ Kh8 20. Bxg7+ Kxg7 21. Bb5 Nxb2 22. Kxb2 Qb6 23. Qe5+ Kg8 24. Qd5+ Kg7 25. Qe5+ Kg8 26. Qd5+ Kg7 27. Qe5+ Kg8 28. Qd5+ Kg7 1/2-1/2

[Event "72nd RUS-ch Higher League 2019"]
[Site "Yaroslavl"]
[Date "2019.07.01"]
[Round "5.22"]
[White "Levin, Evgeny A."]
[Black "Vlasenko, Miroslav"]
[Result "1/2-1/2"]
[ECO "A84"]
[WhiteElo "2504"]
[BlackElo "2417"]
[Annotator "ChessBase"]
[PlyCount "83"]
[EventDate "2019.06.27"]
[EventType "swiss"]
[EventCountry "RUS"]
[SourceTitle "playchess.com"]
[Source "ChessBase"]
[SourceQuality "1"]
[TimeControl "40/5400+30:1800+30"]

1. d4 e6 2. c4 f5 3. Nc3 Nf6 4. e3 d5 5. Nf3 c6 6. Bd3 Bd6 7. O-O Ne4 8. Ne2 Nd7 9. b3 O-O 10. Bb2 Qf6 11. Nf4 Qh6 12. Ne5 Nxe5 13. dxe5 Be7 14. g3 Bd7 15. f3 Nc5 16. h4 a5 17. Be2 Rf7 18. Kf2 g6 19. Rc1 Qf8 20. Qd4 Rg7 21. Rh1 b6 22. Rcg1 h5 23. Rc1 Kh7 24. cxd5 cxd5 25. Bd1 Qb8 26. Bc2 a4 27. b4 a3 28. Bc3 Na4 29. Bxa4 Rxa4 30. Nxd5 Bc6 31. Nxe7 Rxe7 32. Rhd1 Bd5 33. Rd2 Rc7 34. Rdc2 Rc4 35. Qd3 b5 36. Bd4 Qb7 37. Bc5 Rxc2+ 38. Rxc2 Bxf3 39. Rd2 Bd5 40. Qd4 Ra8 41. Qf4 Qc7 42. Ke1 1/2-1/2

[Event "72nd RUS-ch Higher League 2019"]
[Site "Yaroslavl"]
[Date "2019.07.01"]
[Round "5.23"]
[White "Murzin, Volodar"]
[Black "Nozdrachev, Vladislav"]
[Result "1-0"]
[ECO "C84"]
[WhiteElo "2418"]
[BlackElo "2481"]
[Annotator "ChessBase"]
[PlyCount "67"]
[EventDate "2019.06.27"]
[EventType "swiss"]
[EventCountry "RUS"]
[SourceTitle "playchess.com"]
[Source "ChessBase"]
[SourceQuality "1"]
[TimeControl "40/5400+30:1800+30"]

1. e4 e5 2. Nf3 Nc6 3. Bb5 a6 4. Ba4 Nf6 5. O-O Be7 6. d3 d6 7. c3 O-O 8. Nbd2 Re8 9. Re1 Bf8 10. Nf1 b5 11. Bc2 Bb7 12. Ng3 g6 13. Be3 h6 14. h3 d5 15. Qe2 Bg7 16. a4 b4 17. a5 bxc3 18. bxc3 d4 19. Bd2 dxc3 20. Bxc3 Nd4 21. Bxd4 exd4 22. Bb3 c5 23. Qa2 Re7 24. Rab1 Bc6 25. Nh4 g5 26. Nhf5 Rc7 27. Bc4 Bb5 28. e5 Bxc4 29. Qxc4 Nd5 30. Nh5 Bh8 31. e6 fxe6 32. Rxe6 Rd7 33. Rbe1 Qxa5 34. Ne7+ 1-0

[Event "72nd RUS-ch Higher League 2019"]
[Site "Yaroslavl"]
[Date "2019.07.01"]
[Round "5.24"]
[White "Yanchenko, Roman"]
[Black "Bimiev, Ahmad"]
[Result "1-0"]
[ECO "D38"]
[WhiteElo "2478"]
[BlackElo "2238"]
[Annotator "ChessBase"]
[PlyCount "59"]
[EventDate "2019.06.27"]
[EventType "swiss"]
[EventCountry "RUS"]
[SourceTitle "playchess.com"]
[Source "ChessBase"]
[SourceQuality "1"]
[TimeControl "40/5400+30:1800+30"]

1. d4 Nf6 2. c4 e6 3. Nf3 d5 4. Nc3 Bb4 5. cxd5 Nxd5 6. Bd2 c5 7. Nxd5 Qxd5 8. dxc5 Bxc5 9. Qc2 Nc6 10. e4 Qd6 11. Bb5 Bd7 12. Rc1 Bb6 13. O-O O-O 14. Bc3 Rfd8 15. e5 Qe7 16. Bd3 h6 17. a3 Qe8 18. Bh7+ Kh8 19. Be4 Rab8 20. a4 Rdc8 21. Qd2 Ne7 22. a5 Bd8 23. Nd4 Nd5 24. Bxd5 exd5 25. Rce1 b5 26. e6 fxe6 27. Nxe6 Qg6 28. Nf8 Qd6 29. Nxd7 Qxd7 30. Re8+ 1-0

[Event "72nd RUS-ch Higher League 2019"]
[Site "Yaroslavl"]
[Date "2019.07.01"]
[Round "5.25"]
[White "Rychkov, Oleg"]
[Black "Airapetian, Gor"]
[Result "1/2-1/2"]
[ECO "B18"]
[WhiteElo "2409"]
[BlackElo "2442"]
[Annotator "NA"]
[PlyCount "111"]
[EventDate "2019.06.27"]
[EventType "swiss"]
[EventCountry "RUS"]
[SourceTitle "playchess.com"]
[Source "ChessBase"]
[SourceQuality "1"]
[TimeControl "40/5400+30:1800+30"]

1. e4 c6 2. d4 d5 3. Nd2 dxe4 4. Nxe4 Bf5 5. Nc5 Nd7 6. Nxb7 Qc7 7. Nc5 Nxc5 8. dxc5 e6 9. Be3 Rd8 10. Bd3 Ne7 11. Nf3 e5 12. Nd2 Bxd3 13. cxd3 Rxd3 14. Qa4 Nf5 15. Qe4 Qd7 16. Nc4 Nxe3 17. Qxe5+ Be7 18. Nxe3 O-O 19. O-O Bf6 20. Qe4 Re8 21. Qa4 Bd4 22. Rad1 Bxe3 23. fxe3 Rexe3 24. Qb3 Rxd1 25. Rxd1 Qe8 26. Qb4 h6 27. h3 Qe5 28. Rf1 Qd5 29. Rf2 Qxa2 30. Qb8+ Kh7 31. Qc7 Qd5 32. Rxf7 Re1+ 33. Kh2 Qd4 34. Qd6 Qg1+ 35. Kg3 Re3+ 36. Rf3 Qe1+ 37. Kg4 Re4+ 38. Rf4 h5+ 39. Kf5 Rxf4+ 40. Qxf4 Qe7 41. Qd6 Qf7+ 42. Ke5 Qe8+ 43. Kf5 a5 44. g4 a4 45. Qe5 Qd7+ 46. Qe6 Qd3+ 47. Qe4 g6+ 48. Ke5 Qg3+ 49. Qf4 Qxh3 50. Qf7+ Kh8 51. gxh5 Qxh5+ 52. Kd6 Qh2+ 53. Kxc6 Qxb2 54. Qe8+ Kh7 55. Qe7+ Kg8 56. Qe8+ 1/2-1/2

[Event "72nd RUS-ch Higher League 2019"]
[Site "Yaroslavl"]
[Date "2019.07.01"]
[Round "5.26"]
[White "Mirzaev, Aziz"]
[Black "Galaktionov, Artem"]
[Result "1-0"]
[ECO "D37"]
[WhiteElo "2433"]
[BlackElo "2371"]
[Annotator "NA"]
[PlyCount "127"]
[EventDate "2019.06.27"]
[EventType "swiss"]
[EventCountry "RUS"]
[SourceTitle "playchess.com"]
[Source "ChessBase"]
[SourceQuality "1"]
[TimeControl "40/5400+30:1800+30"]

1. d4 d5 2. Nf3 Nf6 3. c4 e6 4. Nc3 Be7 5. g3 O-O 6. Bg2 c6 7. O-O Nbd7 8. b3 b6 9. Qd3 Ba6 10. Rd1 Rc8 11. e4 c5 12. exd5 exd5 13. Bb2 dxc4 14. bxc4 cxd4 15. Nb5 Nc5 16. Qxd4 Qxd4 17. Nfxd4 Na4 18. Nf5 Bb4 19. Bxf6 gxf6 20. Nxa7 Rxc4 21. Ne3 Rc7 22. Nd5 Rxa7 23. Nxb4 Bc4 24. Rd6 Kg7 25. Nc6 Rc7 26. Nd4 Bd3 27. Rd1 Bg6 28. f4 Nb2 29. Re1 Nc4 30. Rd5 Bd3 31. Rd1 Bg6 32. Rc1 Rfc8 33. Nb5 Rc5 34. Rxc5 Rxc5 35. a4 Bf5 36. Bf1 Be6 37. Nd4 Bd5 38. Bd3 Kf8 39. Rc2 Na5 40. Bxh7 Bc4 41. Be4 Ke7 42. Kf2 Rh5 43. h4 Rh8 44. Nc6+ Nxc6 45. Rxc4 Na5 46. Rc7+ Ke6 47. Kf3 Rd8 48. f5+ Ke5 49. Re7+ Kd4 50. Rxf7 Nb3 51. Kf4 Nc5 52. Re7 Nxa4 53. g4 Nc5 54. g5 Rh8 55. gxf6 Rxh4+ 56. Kg5 Rxe4 57. f7 Rxe7 58. f8=Q Rb7 59. Qd6+ Kc4 60. Qf4+ Kd5 61. Qf3+ Kd6 62. f6 Ne6+ 63. Kg6 Nd8 64. Qxb7 1-0

[Event "72nd RUS-ch Higher League 2019"]
[Site "Yaroslavl"]
[Date "2019.07.01"]
[Round "5.27"]
[White "Kanter, Eduard"]
[Black "Nesterov, Arseniy"]
[Result "0-1"]
[ECO "D16"]
[WhiteElo "2392"]
[BlackElo "2423"]
[Annotator "NA"]
[PlyCount "82"]
[EventDate "2019.06.27"]
[EventType "swiss"]
[EventCountry "RUS"]
[SourceTitle "playchess.com"]
[Source "ChessBase"]
[SourceQuality "1"]
[TimeControl "40/5400+30:1800+30"]

1. d4 d5 2. c4 c6 3. Nf3 Nf6 4. Nc3 dxc4 5. a4 a5 6. h3 Nbd7 7. e4 Nb6 8. Be2 e6 9. O-O Bb4 10. Qc2 Nfd7 11. Na2 Be7 12. Be3 O-O 13. Rfd1 Qc7 14. Nc3 Rd8 15. Nd2 e5 16. Nxc4 Nxc4 17. Bxc4 exd4 18. Bxd4 Ne5 19. Bb3 Rxd4 20. Rxd4 Bc5 21. Ne2 Bxd4 22. Nxd4 Bxh3 23. gxh3 Rd8 24. Nf5 Rd2 25. Qc5 g6 26. Ng3 b6 27. Qc3 Rd3 28. Qc2 Rd2 29. Qc3 Qd6 30. Bc2 Qf6 31. Rf1 Nf3+ 32. Kg2 Nh4+ 33. Kg1 Qf3 34. Qxf3 Nxf3+ 35. Kg2 Nh4+ 36. Kg1 Rxc2 37. Rb1 Nf3+ 38. Kg2 Nd2 39. Re1 Rxb2 40. e5 b5 41. Re2 bxa4 0-1

[Event "72nd RUS-ch Higher League 2019"]
[Site "Yaroslavl"]
[Date "2019.07.01"]
[Round "5.28"]
[White "Sadovsky, Artem"]
[Black "Lesovoi, Evgenij"]
[Result "1-0"]
[ECO "A06"]
[WhiteElo "2416"]
[BlackElo "2366"]
[Annotator "NA"]
[PlyCount "107"]
[EventDate "2019.06.27"]
[EventType "swiss"]
[EventCountry "RUS"]
[SourceTitle "playchess.com"]
[Source "ChessBase"]
[SourceQuality "1"]
[TimeControl "40/5400+30:1800+30"]

1. Nf3 d5 2. g3 Nf6 3. Bg2 Bf5 4. c4 e6 5. O-O Be7 6. Qb3 Qc8 7. d3 c6 8. Nc3 O-O 9. Nh4 Bg4 10. h3 Bh5 11. g4 Nfd7 12. cxd5 Bxg4 13. hxg4 Bxh4 14. dxe6 Ne5 15. Bf4 Nxg4 16. Bd6 Be7 17. exf7+ Rxf7 18. f3 Ne3 19. Bxe7 Qc7 20. Ba3 Nxf1 21. Rxf1 Na6 22. Rf2 h6 23. Ne4 c5 24. f4 Kh8 25. Nd6 Rff8 26. Nb5 Qa5 27. Nc3 Rab8 28. Qb5 Qc7 29. Nd5 Qf7 30. b3 Rbd8 31. e4 Rd6 32. f5 Qh5 33. Qxb7 Rf7 34. Qc8+ Kh7 35. e5 Rxd5 36. Bxd5 Qd1+ 37. Rf1 Qxd3 38. Qe6 Qd4+ 39. Rf2 Qd1+ 40. Kg2 Qg4+ 41. Kh1 Qd1+ 42. Kh2 Qh5+ 43. Kg3 Qg5+ 44. Kf3 Rxf5+ 45. Ke2 Rxf2+ 46. Kxf2 Qd2+ 47. Kg3 Qe1+ 48. Kh2 Qe2+ 49. Bg2 Qh5+ 50. Kg3 Qg5+ 51. Kf3 Nc7 52. Qg4 Qd2 53. Bxc5 Nd5 54. Qd4 1-0

[Event "72nd RUS-ch Higher League 2019"]
[Site "Yaroslavl"]
[Date "2019.07.01"]
[Round "5.29"]
[White "Drygalov, Sergey"]
[Black "Ibadov, Dashgyn"]
[Result "1-0"]
[ECO "A67"]
[WhiteElo "2492"]
[BlackElo "2298"]
[Annotator "ChessBase"]
[PlyCount "59"]
[EventDate "2019.06.27"]
[EventType "swiss"]
[EventCountry "RUS"]
[SourceTitle "playchess.com"]
[Source "ChessBase"]
[SourceQuality "1"]
[TimeControl "40/5400+30:1800+30"]

1. d4 e6 2. c4 Nf6 3. Nc3 c5 4. d5 exd5 5. cxd5 d6 6. e4 g6 7. f4 Bg7 8. Bb5+ Nfd7 9. Nf3 O-O 10. O-O a6 11. Bd3 b5 12. Kh1 Nb6 13. f5 N8d7 14. Bg5 Qc7 15. Qe1 b4 16. Nd1 gxf5 17. Qh4 f6 18. Bd2 Ne5 19. Nxe5 fxe5 20. exf5 e4 21. Bxe4 Bf6 22. Bg5 Qg7 23. Bxf6 Qxf6 24. Qg3+ Kh8 25. Ne3 Bb7 26. Ng4 Qd4 27. Rae1 Nc4 28. f6 Nd2 29. Nh6 Rxf6 30. Nf7+ 1-0

[Event "72nd RUS-ch Higher League 2019"]
[Site "Yaroslavl"]
[Date "2019.07.03"]
[Round "6.4"]
[White "Chigaev, Maksim"]
[Black "Sakaev, Konstantin"]
[Result "1/2-1/2"]
[ECO "B24"]
[WhiteElo "2640"]
[BlackElo "2584"]
[Annotator "ChessBase"]
[PlyCount "69"]
[EventDate "2019.06.27"]
[EventType "swiss"]
[EventCountry "RUS"]
[SourceTitle "playchess.com"]
[Source "ChessBase"]
[SourceQuality "1"]
[TimeControl "40/5400+30:1800+30"]

1. e4 c5 2. Nc3 Nc6 3. Bb5 Nd4 4. Nf3 a6 5. Bd3 g6 6. Nxd4 cxd4 7. Ne2 Bg7 8. O-O d5 9. exd5 Qxd5 10. c3 dxc3 11. dxc3 Nf6 12. Nf4 Qc6 13. Re1 Qc7 14. Qa4+ Bd7 15. Qb4 e6 16. Be3 a5 17. Qc5 Qxc5 18. Bxc5 Rc8 19. Bd6 Bc6 20. Rad1 Bf8 21. Be5 Be7 22. Bc4 O-O 23. Nxe6 fxe6 24. Bxe6+ Kg7 25. Bxc8 Rxc8 26. Bd6 Bd8 27. Rd4 Bb6 28. Rdd1 Ne4 29. Be5+ Kf7 30. Bd4 Bc7 31. Rd3 Nf6 32. Rde3 Bd8 33. Rd3 Bc7 34. Rde3 Bd8 35. Rd3 1/2-1/2

[Event "72nd RUS-ch Higher League 2019"]
[Site "Yaroslavl"]
[Date "2019.07.03"]
[Round "6.5"]
[White "Iljiushenok, Ilia"]
[Black "Dreev, Aleksey"]
[Result "1/2-1/2"]
[ECO "B40"]
[WhiteElo "2549"]
[BlackElo "2657"]
[Annotator "ChessBase"]
[PlyCount "88"]
[EventDate "2019.06.27"]
[EventType "swiss"]
[EventCountry "RUS"]
[SourceTitle "playchess.com"]
[Source "ChessBase"]
[SourceQuality "1"]
[TimeControl "40/5400+30:1800+30"]

1. e4 c5 2. Nf3 e6 3. d4 cxd4 4. Nxd4 Nf6 5. Nc3 Nc6 6. Nxc6 bxc6 7. e5 Nd5 8. Ne4 Qc7 9. f4 Qb6 10. c4 Bb4+ 11. Ke2 f5 12. Nf2 Ba6 13. Kf3 Ne7 14. Be3 Bc5 15. Bxc5 Qxc5 16. Qd6 Qb6 17. b3 c5 18. Rd1 Bb7+ 19. Kg3 Qxd6 20. Rxd6 g5 21. Nd3 gxf4+ 22. Kxf4 Rc8 23. Be2 Ng6+ 24. Ke3 Bxg2 25. Rd1 Be4 26. Nf4 Nxe5 27. Nxe6 Ke7 28. Ng5 Bc6 29. Bh5 Rcg8 30. Kf4 Ng6+ 31. Bxg6 Rxg6 32. R6d3 Rf8 33. Re3+ Be4 34. Nxe4 fxe4+ 35. Kxe4 Re6+ 36. Kd3 Rf2 37. Rd2 Rxe3+ 38. Kxe3 Rxd2 39. Kxd2 Ke6 40. Kc3 a5 41. a3 h5 42. h4 Kf5 43. b4 axb4+ 44. axb4 cxb4+ 1/2-1/2

[Event "72nd RUS-ch Higher League 2019"]
[Site "Yaroslavl"]
[Date "2019.07.03"]
[Round "6.7"]
[White "Paravyan, David"]
[Black "Alekseenko, Kirill"]
[Result "0-1"]
[ECO "E32"]
[WhiteElo "2605"]
[BlackElo "2650"]
[Annotator "ChessBase"]
[PlyCount "110"]
[EventDate "2019.06.27"]
[EventType "swiss"]
[EventCountry "RUS"]
[SourceTitle "playchess.com"]
[Source "ChessBase"]
[SourceQuality "1"]
[TimeControl "40/5400+30:1800+30"]

1. d4 Nf6 2. c4 e6 3. Nc3 Bb4 4. Qc2 O-O 5. Nf3 d6 6. Bd2 Qe7 7. a3 Bxc3 8. Bxc3 Nbd7 9. e4 e5 10. d5 Nc5 11. Nd2 Bd7 12. Be2 Na4 13. O-O c5 14. b3 Nxc3 15. Qxc3 b6 16. b4 Rfc8 17. Rfb1 Rab8 18. h3 h6 19. Rb2 Be8 20. Qe3 Qc7 21. Rab1 Bd7 22. Kh2 Nh7 23. Rf1 Rf8 24. Nf3 Qd8 25. bxc5 bxc5 26. Rfb1 Qc7 27. Nh4 Rxb2 28. Rxb2 Rb8 29. Rxb8+ Qxb8 30. Bg4 Bxg4 31. hxg4 Qd8 32. g3 Nf6 33. f3 Nh7 34. Qb3 g6 35. Qb5 Kg7 36. Ng2 Ng5 37. Ne1 h5 38. gxh5 Qh8 39. Qd7 Qxh5+ 40. Kg2 Nxe4 41. g4 Qh4 42. fxe4 Qxe1 43. Qxd6 Qxe4+ 44. Kg3 Qe3+ 45. Kg2 Qd2+ 46. Kg3 Qc3+ 47. Kg2 Qb2+ 48. Kf3 e4+ 49. Kg3 Qxa3+ 50. Kh4 Qb2 51. Kh3 Qc3+ 52. Kg2 e3 53. Qe7 Qd2+ 54. Kh3 e2 55. Qe5+ Kh7 0-1

[Event "72nd RUS-ch Higher League 2019"]
[Site "Yaroslavl"]
[Date "2019.07.03"]
[Round "6.8"]
[White "Pridorozhni, Aleksei"]
[Black "Alekseev, Evgeny"]
[Result "1-0"]
[ECO "B44"]
[WhiteElo "2588"]
[BlackElo "2645"]
[Annotator "ChessBase"]
[PlyCount "87"]
[EventDate "2019.06.27"]
[EventType "swiss"]
[EventCountry "RUS"]
[SourceTitle "playchess.com"]
[Source "ChessBase"]
[SourceQuality "1"]
[TimeControl "40/5400+30:1800+30"]

1. e4 c5 2. Nf3 e6 3. d4 cxd4 4. Nxd4 Nc6 5. g3 Nf6 6. Bg2 Bc5 7. Nb3 Bb6 8. O-O O-O 9. c4 d6 10. Qe2 a5 11. a4 e5 12. Nc3 Bg4 13. Bf3 Be6 14. Nd5 Nd7 15. Be3 Bxe3 16. Qxe3 b6 17. Bg2 Nc5 18. f4 f6 19. h4 Ne7 20. Nd2 Nc6 21. Nb3 Ra7 22. Ra3 Re8 23. f5 Bf7 24. g4 Nb4 25. Qd2 Ncd3 26. Nc1 Bxd5 27. cxd5 Nf4 28. Ne2 Rc7 29. Rc3 Rxc3 30. Nxc3 g6 31. Rf3 gxf5 32. exf5 h5 33. Rg3 hxg4 34. Ne2 Nbd3 35. Rxd3 Nxd3 36. Qxd3 Qc7 37. Nc3 Kf7 38. Kh2 Rh8 39. Qg3 Rg8 40. Ne4 Ke7 41. Qc3 Qd7 42. Qc6 Qxf5 43. Qxd6+ Kf7 44. Ng3 1-0

[Event "72nd RUS-ch Higher League 2019"]
[Site "Yaroslavl"]
[Date "2019.07.03"]
[Round "6.12"]
[White "Belozerov, Andrei"]
[Black "Rakhmanov, Aleksandr"]
[Result "0-1"]
[ECO "B24"]
[WhiteElo "2533"]
[BlackElo "2615"]
[Annotator "ChessBase"]
[PlyCount "66"]
[EventDate "2019.06.27"]
[EventType "swiss"]
[EventCountry "RUS"]
[SourceTitle "playchess.com"]
[Source "ChessBase"]
[SourceQuality "1"]
[TimeControl "40/5400+30:1800+30"]

1. e4 c5 2. Nc3 Nc6 3. Nf3 Nf6 4. d4 d5 5. exd5 Nxd5 6. Nxd5 Qxd5 7. Be3 cxd4 8. Nxd4 a6 9. Be2 e5 10. Nxc6 Qxc6 11. Qd3 Qxg2 12. O-O-O Be6 13. f4 Be7 14. Rhg1 Qc6 15. f5 Bxa2 16. Bg5 f6 17. Bf3 Qc7 18. Bh5+ Bf7 19. Bxf7+ Kxf7 20. Qb3+ Kf8 21. Be3 Rc8 22. Rd2 b5 23. Bh6 gxh6 24. Qh3 Qc4 25. Rg4 Qa2 26. c3 b4 27. Qxh6+ Ke8 28. Rg7 Qa1+ 29. Kc2 b3+ 30. Kxb3 Rb8+ 31. Kc4 Qf1+ 32. Kd5 Qf3+ 33. Kc4 Qe4+ {[%emt 0:00:19] Kd4} 0-1

[Event "72nd RUS-ch Higher League 2019"]
[Site "Yaroslavl"]
[Date "2019.07.03"]
[Round "6.13"]
[White "Bocharov, Ivan"]
[Black "Kokarev, Dmitry"]
[Result "0-1"]
[ECO "E92"]
[WhiteElo "2559"]
[BlackElo "2609"]
[Annotator "ChessBase"]
[PlyCount "92"]
[EventDate "2019.06.27"]
[EventType "swiss"]
[EventCountry "RUS"]
[SourceTitle "playchess.com"]
[Source "ChessBase"]
[SourceQuality "1"]
[TimeControl "40/5400+30:1800+30"]

1. d4 Nf6 2. c4 g6 3. Nc3 Bg7 4. e4 O-O 5. Nf3 d6 6. Be2 e5 7. d5 Na6 8. Bg5 h6 9. Bh4 g5 10. Bg3 Nh5 11. h4 Nxg3 12. fxg3 gxh4 13. Nxh4 Qg5 14. g4 Bf6 15. Qd2 Kg7 16. Bf3 Qxd2+ 17. Kxd2 Bg5+ 18. Ke2 Nb4 19. Rad1 a5 20. Nb5 Na6 21. Rd3 Bd7 22. Nf5+ Bxf5 23. gxf5 Rfd8 24. Rdd1 Kf6 25. Bg4 Nc5 26. Kf3 Rd7 27. g3 c6 28. Nc3 a4 29. Ne2 Rdd8 30. Rh2 a3 31. b3 cxd5 32. cxd5 Rdc8 33. Nc3 Nxb3 34. Nb5 Nc1 35. Bh3 Ra6 36. Bf1 Rc5 37. Kg4 Ke7 38. f6+ Kxf6 39. Rf2+ Kg6 40. Rf3 Rb6 41. Nxa3 Rb4 42. Kh3 Nxa2 43. Ra1 Rc3 44. Rxc3 Nxc3 45. Nc4 Nxe4 46. Bd3 Kg7 0-1

[Event "72nd RUS-ch Higher League 2019"]
[Site "Yaroslavl"]
[Date "2019.07.03"]
[Round "6.15"]
[White "Romanov, Evgeny"]
[Black "Shimanov, Aleksandr"]
[Result "1-0"]
[ECO "D03"]
[WhiteElo "2577"]
[BlackElo "2615"]
[Annotator "ChessBase"]
[PlyCount "53"]
[EventDate "2019.06.27"]
[EventType "swiss"]
[EventCountry "RUS"]
[SourceTitle "playchess.com"]
[Source "ChessBase"]
[SourceQuality "1"]
[TimeControl "40/5400+30:1800+30"]

1. d4 Nf6 2. Nf3 d5 3. Bg5 e6 4. e3 Be7 5. Bd3 Nbd7 6. Nbd2 c5 7. c3 b6 8. O-O Bb7 9. a4 a6 10. Qb1 Rc8 11. b4 cxb4 12. cxb4 Rc3 13. b5 a5 14. Rc1 Rxc1+ 15. Qxc1 Qb8 16. Ne5 Nxe5 17. dxe5 Ng4 18. Bxe7 Kxe7 19. f4 Rc8 20. Qe1 Qc7 21. Qh4+ Kf8 22. Nb3 Nxe3 23. Bxh7 d4 24. Rc1 Qd7 25. Rxc8+ Qxc8 26. Be4 Qc7 27. Bxb7 1-0

[Event "72nd RUS-ch Higher League 2019"]
[Site "Yaroslavl"]
[Date "2019.07.03"]
[Round "6.16"]
[White "Petrov, Nikita"]
[Black "Murzin, Volodar"]
[Result "1/2-1/2"]
[ECO "D10"]
[WhiteElo "2610"]
[BlackElo "2418"]
[Annotator "ChessBase"]
[PlyCount "83"]
[EventDate "2019.06.27"]
[EventType "swiss"]
[EventCountry "RUS"]
[SourceTitle "playchess.com"]
[Source "ChessBase"]
[SourceQuality "1"]
[TimeControl "40/5400+30:1800+30"]

1. c4 c6 2. d4 d5 3. cxd5 cxd5 4. Bg5 Nc6 5. Nc3 Qb6 6. Qd2 e6 7. e3 Be7 8. Nf3 Bxg5 9. Nxg5 f6 10. Nf3 Nge7 11. Be2 O-O 12. O-O Qd8 13. a3 Bd7 14. b4 Be8 15. Rac1 Qd6 16. Ne1 Bf7 17. Nd3 b6 18. Rfd1 Rad8 19. Nf4 g5 20. Nd3 Bg6 21. Ne1 Kg7 22. Bd3 Rh8 23. Rc2 e5 24. Rdc1 exd4 25. Nb5 dxe3 26. Qxe3 Qd7 27. Nd4 Rc8 28. Nef3 Bxd3 29. Qxd3 Nxd4 30. Nxd4 Rxc2 31. Rxc2 Rc8 32. g3 Rxc2 33. Qxc2 Qd6 34. Qa4 Qe5 35. Qxa7 Qe1+ 36. Kg2 Qe4+ 37. f3 Qxd4 38. Qxe7+ Kg6 39. Qe8+ Kg7 40. Qe7+ Kg6 41. Qe8+ Kg7 42. Qe7+ 1/2-1/2

[Event "72nd RUS-ch Higher League 2019"]
[Site "Yaroslavl"]
[Date "2019.07.03"]
[Round "6.17"]
[White "Kobalia, Mikhail"]
[Black "Yanchenko, Roman"]
[Result "1-0"]
[ECO "B14"]
[WhiteElo "2608"]
[BlackElo "2478"]
[Annotator "ChessBase"]
[PlyCount "49"]
[EventDate "2019.06.27"]
[EventType "swiss"]
[EventCountry "RUS"]
[SourceTitle "playchess.com"]
[Source "ChessBase"]
[SourceQuality "1"]
[TimeControl "40/5400+30:1800+30"]

1. c4 c6 2. e4 d5 3. exd5 cxd5 4. d4 Nf6 5. Nc3 g6 6. Qb3 Bg7 7. cxd5 O-O 8. Nge2 Na6 9. Nf4 Nc7 10. Be2 b6 11. Bf3 Rb8 12. O-O Bg4 13. Bxg4 Nxg4 14. Nd3 Bxd4 15. Bf4 Rb7 16. h3 e5 17. dxe6 Bxc3 18. exf7+ Rxf7 19. Rad1 Bd4 20. hxg4 Qf6 21. Rfe1 b5 22. Re4 Na6 23. Re6 Bxf2+ 24. Kxf2 Qh4+ 25. Kg1 1-0

[Event "72nd RUS-ch Higher League 2019"]
[Site "Yaroslavl"]
[Date "2019.07.03"]
[Round "6.18"]
[White "Lomasov, Semyon"]
[Black "Timofeev, Artyom"]
[Result "1/2-1/2"]
[ECO "C49"]
[WhiteElo "2542"]
[BlackElo "2608"]
[Annotator "ChessBase"]
[PlyCount "39"]
[EventDate "2019.06.27"]
[EventType "swiss"]
[EventCountry "RUS"]
[SourceTitle "playchess.com"]
[Source "ChessBase"]
[SourceQuality "1"]
[TimeControl "40/5400+30:1800+30"]

1. e4 e5 2. Nf3 Nf6 3. Nc3 Nc6 4. Bb5 Bb4 5. O-O O-O 6. d3 Bxc3 7. bxc3 d6 8. Re1 h6 9. d4 Bd7 10. Rb1 Re8 11. Bxc6 bxc6 12. dxe5 dxe5 13. Ba3 Qc8 14. Qd3 Be6 15. c4 Nd7 16. Rb2 Rd8 17. Be7 Re8 18. Ba3 Rd8 19. Be7 Re8 20. Ba3 1/2-1/2

[Event "72nd RUS-ch Higher League 2019"]
[Site "Yaroslavl"]
[Date "2019.07.03"]
[Round "6.19"]
[White "Triapishko, Alexandr"]
[Black "Truskavetsky, Alexandr"]
[Result "1-0"]
[ECO "B12"]
[WhiteElo "2512"]
[BlackElo "2398"]
[Annotator "ChessBase"]
[PlyCount "81"]
[EventDate "2019.06.27"]
[EventType "swiss"]
[EventCountry "RUS"]
[SourceTitle "playchess.com"]
[Source "ChessBase"]
[SourceQuality "1"]
[TimeControl "40/5400+30:1800+30"]

1. e4 c6 2. d4 d5 3. e5 Bf5 4. Nd2 e6 5. Nb3 Nd7 6. Nf3 h6 7. Be2 Ne7 8. O-O g5 9. Ne1 Rg8 10. Bh5 c5 11. c3 c4 12. Nd2 g4 13. g3 Rg5 14. Nxc4 dxc4 15. Bxg5 hxg5 16. Ng2 Nd5 17. Ne3 Nxe3 18. fxe3 Qb6 19. e4 Bg6 20. Bxg6 fxg6 21. Qa4 Qc6 22. Qxc6 bxc6 23. b3 cxb3 24. axb3 a5 25. b4 a4 26. Kf2 Be7 27. Ke2 Nb6 28. Ra2 Rd8 29. Kd3 Rd7 30. Raf2 Ra7 31. Rf7 a3 32. R7f2 a2 33. Ra1 Bxb4 34. cxb4 Ra3+ 35. Kc2 Nc4 36. Kc1 Rd3 37. Raxa2 Rxd4 38. Ra8+ Ke7 39. Ra7+ Rd7 40. Rxd7+ Kxd7 41. Rf7+ 1-0